NYP
MINNESOTA (NYP) TWINS @ ABERDEEN IRONBIRDS
09/07/2046
 
TOP OF THE 1ST
Minnesota (NYP) Twins batting - Pitching for Aberdeen Ironbirds : RHP Jonathan Spicer
Pitching: RHP Jonathan Spicer
Batting: RHB John Dew 0-0: Ball
1-0: Called Strike
1-1: Swinging Strike
1-2: Foul Ball, location: 2F
1-2: Strikes out swinging
Batting: LHB Yasutoshi Hayashi 0-0: Ball
1-0: Swinging Strike
1-1: Ball
2-1: Ball
3-1: Base on Balls
Batting: RHB Michael McDonald 0-0: Called Strike
Yasutoshi Hayashi steals 2nd base (no throw)
0-1: Called Strike
0-2: Strikes out swinging
Batting: LHB Kuemon Shishido 0-0: Called Strike
0-1: Ball
1-1: Ball
2-1: SINGLE (Line Drive, 6M, EV 100.0 MPH)
Yasutoshi Hayashi to third
Runner from 3rd tries for Home, SAFE, throw by CF to home
Batting: RHB Leo Gonzalez 0-0: Called Strike
0-1: Swinging Strike
0-2: Ball
1-2: Strikes out swinging
Top of the 1st over - 1 run, 1 hit, 0 errors, 1 left on base; Minnesota (NYP) 1 - Aberdeen 0
BOTTOM OF THE 1ST
Aberdeen Ironbirds batting - Pitching for Minnesota (NYP) Twins : LHP Bobby Molina
Pitching: LHP Bobby Molina
Batting: RHB Steve Jones 0-0: Ball
1-0: Ball
2-0: Called Strike
2-1: Foul Ball, location: 2F
2-2: Ball
3-2: Foul Ball, location: 2F
3-2: Base on Balls
Batting: RHB Daniel Jackson 0-0: Grounds into double play, 5-4-3 (Groundball, 5, EV 106.2 MPH)
Batting: RHB Jeremy Sipe 0-0: Called Strike
0-1: Ground out 6-3 (Groundball, 6S, EV 68.1 MPH)
Bottom of the 1st over - 0 runs, 0 hits, 0 errors, 0 left on base; Minnesota (NYP) 1 - Aberdeen 0
TOP OF THE 2ND
Minnesota (NYP) Twins batting - Pitching for Aberdeen Ironbirds : RHP Jonathan Spicer
Batting: RHB Jose Gracia 0-0: Ball
1-0: Ground out 5-3 (Groundball, 56S, EV 87.5 MPH)
Batting: RHB Antonio Santos 0-0: Ball
1-0: SINGLE (Groundball, 5D, EV 105.6 MPH)
Batting: RHB Dave Berry 0-0: DOUBLE (Line Drive, 7LS, EV 91.2 MPH)
Antonio Santos to third
Batting: LHB Antonio Gutierrez 0-0: Ball
1-0: Called Strike
1-1: Ground out 6-3 (Groundball, 6, EV 93.1 MPH)
Antonio Santos scores
Batting: RHB John Dew 0-0: DOUBLE (Line Drive, 89XD, EV 106.9 MPH)
Dave Berry scores
Batting: LHB Yasutoshi Hayashi 0-0: Ball
1-0: DOUBLE (Flyball, 78XD, EV 115.0 MPH)
John Dew scores
Batting: RHB Michael McDonald 0-0: Foul Ball, location: 2F
0-1: Ball
Wild Pitch!
Yasutoshi Hayashi to third
1-1: Ball
2-1: Swinging Strike
2-2: Strikes out looking
Top of the 2nd over - 3 runs, 4 hits, 0 errors, 1 left on base; Minnesota (NYP) 4 - Aberdeen 0
BOTTOM OF THE 2ND
Aberdeen Ironbirds batting - Pitching for Minnesota (NYP) Twins : LHP Bobby Molina
Batting: RHB Mike Zepeda 0-0: Ball
1-0: Ball
2-0: Foul Ball, location: 2F
2-1: Foul Ball, location: 2F
2-2: Foul Ball, location: 2F
2-2: Ball
3-2: Base on Balls
Batting: RHB Ben Sutton 0-0: Ball
1-0: Ball
Mike Zepeda steals 2nd base (no throw)
2-0: Swinging Strike
2-1: Called Strike
2-2: Strikes out swinging
Batting: RHB Mike Pitts 0-0: Ball
Mike Zepeda is caught stealing 3rd base 2-5
1-0: Ground out 6-3 (Groundball, 6M, EV 85.0 MPH)
Bottom of the 2nd over - 0 runs, 0 hits, 0 errors, 0 left on base; Minnesota (NYP) 4 - Aberdeen 0
TOP OF THE 3RD
Minnesota (NYP) Twins batting - Pitching for Aberdeen Ironbirds : RHP Jonathan Spicer
Batting: LHB Kuemon Shishido 0-0: Ball
1-0: Ground out 4-3 (Groundball, 4, EV 81.2 MPH)
Batting: RHB Leo Gonzalez 0-0: Called Strike
0-1: Swinging Strike
0-2: Strikes out swinging
Batting: RHB Jose Gracia 0-0: Called Strike
0-1: Ball
1-1: Foul Ball, location: 2F
1-2: Foul Ball, location: 2F
1-2: Ball
2-2: Foul Ball, location: 2F
2-2: Foul Ball, location: 2F
2-2: Strikes out looking
Top of the 3rd over - 0 runs, 0 hits, 0 errors, 0 left on base; Minnesota (NYP) 4 - Aberdeen 0
BOTTOM OF THE 3RD
Aberdeen Ironbirds batting - Pitching for Minnesota (NYP) Twins : LHP Bobby Molina
Batting: RHB Tony Godley 0-0: Ball
1-0: Ball
2-0: Ball
3-0: Base on Balls
Batting: RHB Matt Berrier 0-0: Called Strike
Tony Godley is caught stealing 2nd base 2-4
0-1: Swinging Strike
0-2: Strikes out swinging
Batting: LHB Miguel Medina 0-0: Called Strike
0-1: Ball
1-1: Swinging Strike
1-2: Ball
2-2: Foul Ball, location: 2F
2-2: Strikes out swinging
Bottom of the 3rd over - 0 runs, 0 hits, 0 errors, 0 left on base; Minnesota (NYP) 4 - Aberdeen 0
TOP OF THE 4TH
Minnesota (NYP) Twins batting - Pitching for Aberdeen Ironbirds : RHP Jonathan Spicer
Batting: RHB Antonio Santos 0-0: Called Strike
0-1: Swinging Strike
0-2: Ball
1-2: Strikes out swinging
Batting: RHB Dave Berry 0-0: Swinging Strike
0-1: Called Strike
0-2: Ball
1-2: SINGLE (Line Drive, 8LM, EV 86.9 MPH)
Batting: LHB Antonio Gutierrez 0-0: Swinging Strike
0-1: Swinging Strike
0-2: Ball
1-2: Ball
2-2: Strikes out swinging
Batting: RHB John Dew 0-0: Ball
1-0: Foul Ball, location: 2F
1-1: Ground out 4-3 (Groundball, 4, EV 97.5 MPH)
Top of the 4th over - 0 runs, 1 hit, 0 errors, 1 left on base; Minnesota (NYP) 4 - Aberdeen 0
BOTTOM OF THE 4TH
Aberdeen Ironbirds batting - Pitching for Minnesota (NYP) Twins : LHP Bobby Molina
Batting: RHB Steve Jones 0-0: Ball
1-0: Called Strike
1-1: Ball
2-1: Ground out 4-3 (Groundball, 4S, EV 68.1 MPH)
Batting: RHB Daniel Jackson 0-0: Ball
1-0: Foul Ball, location: 2F
1-1: Foul Ball, location: 2F
1-2: Ball
2-2: Ground out 5-3 (Groundball, 56, EV 97.5 MPH)
Batting: RHB Jeremy Sipe 0-0: Ball
1-0: Foul Ball, location: 2F
1-1: Called Strike
1-2: Ball
2-2: Ball
3-2: Strikes out looking
Bottom of the 4th over - 0 runs, 0 hits, 0 errors, 0 left on base; Minnesota (NYP) 4 - Aberdeen 0
TOP OF THE 5TH
Minnesota (NYP) Twins batting - Pitching for Aberdeen Ironbirds : RHP Jonathan Spicer
Batting: LHB Yasutoshi Hayashi 0-0: Ball
1-0: Called Strike
1-1: SINGLE (Groundball, 3D, EV 96.9 MPH)
Batting: RHB Michael McDonald 0-0: Ball
1-0: Ball
2-0: Called Strike
2-1: Fielders Choice at 2nd, 3-6 (Groundball, 3, EV 91.2 MPH)
Batting: LHB Kuemon Shishido 0-0: Grounds into double play, 4-6-3 (Groundball, 34, EV 110.6 MPH)
Top of the 5th over - 0 runs, 1 hit, 0 errors, 0 left on base; Minnesota (NYP) 4 - Aberdeen 0
BOTTOM OF THE 5TH
Aberdeen Ironbirds batting - Pitching for Minnesota (NYP) Twins : LHP Bobby Molina
Batting: RHB Mike Zepeda 0-0: Ball
1-0: Called Strike
1-1: Called Strike
1-2: Strikes out swinging
Batting: RHB Ben Sutton 0-0: Foul Ball, location: 2F
0-1: SINGLE (Groundball, 6MD, EV 96.2 MPH)
Batting: RHB Mike Pitts 0-0: Ball
1-0: Called Strike
Ben Sutton is caught stealing 2nd base 2-4
1-1: Foul Ball, location: 2F
1-2: Foul Ball, location: 2F
1-2: Strikes out swinging, 2-3 out at first.
Bottom of the 5th over - 0 runs, 1 hit, 0 errors, 0 left on base; Minnesota (NYP) 4 - Aberdeen 0
TOP OF THE 6TH
Minnesota (NYP) Twins batting - Pitching for Aberdeen Ironbirds : RHP Jonathan Spicer
Batting: RHB Leo Gonzalez 0-0: Swinging Strike
0-1: Called Strike
0-2: DOUBLE (Line Drive, 7LM, EV 108.1 MPH)
Batting: RHB Jose Gracia 0-0: Ball
1-0: Ball
2-0: Called Strike
2-1: Ball
Wild Pitch!
Leo Gonzalez to third
3-1: Ground out 4-3 (Groundball, 4, EV 87.5 MPH)
Pitching: RHP Jon Grason
Batting: RHB Antonio Santos 0-0: Ball
1-0: Ball
2-0: Called Strike
2-1: Foul Ball, location: 2F
2-2: Strikes out swinging
Batting: RHB Dave Berry 0-0: Intentional Walk
Batting: LHB Antonio Gutierrez 0-0: Ball
1-0: Called Strike
1-1: Foul Ball, location: 2F
1-2: Foul Ball, location: 2F
1-2: Ball
2-2: Foul Ball, location: 2F
2-2: Ball
3-2: Foul Ball, location: 2F
3-2: Foul Ball, location: 2F
3-2: Ground out 6-3 (Groundball, 6, EV 100.0 MPH)
Top of the 6th over - 0 runs, 1 hit, 0 errors, 2 left on base; Minnesota (NYP) 4 - Aberdeen 0
BOTTOM OF THE 6TH
Aberdeen Ironbirds batting - Pitching for Minnesota (NYP) Twins : LHP Bobby Molina
Batting: RHB Tony Godley 0-0: SINGLE (Flyball, 56D, EV 86.9 MPH)
Batting: RHB Matt Berrier 0-0: Called Strike
0-1: Ball
Wild Pitch!
Tony Godley to second
1-1: Ground out 5-3 (Groundball, 5L, EV 81.2 MPH)
Batting: LHB Miguel Medina 0-0: Called Strike
0-1: Ball
Wild Pitch!
Tony Godley to third
1-1: Ball
2-1: Called Strike
2-2: Foul Ball, location: 2F
2-2: Strikes out swinging
Batting: RHB Steve Jones 0-0: Swinging Strike
0-1: Ball
1-1: Ball
2-1: Foul Ball, location: 2F
2-2: Reached on error, E5 (Groundball, 56, EV 81.9 MPH)
Tony Godley scores
Batting: RHB Daniel Jackson 0-0: Called Strike
0-1: Ball
1-1: Ball
2-1: Ball
3-1: Called Strike
3-2: Ground out U3 (Groundball, 3S, EV 85.0 MPH)
Bottom of the 6th over - 1 run, 1 hit, 1 error, 1 left on base; Minnesota (NYP) 4 - Aberdeen 1
TOP OF THE 7TH
Minnesota (NYP) Twins batting - Pitching for Aberdeen Ironbirds : RHP Jon Grason
Batting: RHB John Dew 0-0: Called Strike
0-1: Ground out 6-3 (Groundball, 6MS, EV 71.9 MPH)
Batting: LHB Yasutoshi Hayashi 0-0: SOLO HOME RUN (Flyball, 89XD, EV 115.6 MPH), Distance : 442 ft
Batting: RHB Michael McDonald 0-0: Called Strike
0-1: Ball
1-1: Ground out 6-3 (Groundball, 6, EV 86.9 MPH)
Batting: LHB Kuemon Shishido 0-0: Foul Ball, location: 2F
0-1: Ball
1-1: Swinging Strike
1-2: Foul Ball, location: 2F
1-2: Strikes out looking
Top of the 7th over - 1 run, 1 hit, 0 errors, 0 left on base; Minnesota (NYP) 5 - Aberdeen 1
BOTTOM OF THE 7TH
Aberdeen Ironbirds batting - Pitching for Minnesota (NYP) Twins : LHP Bobby Molina
Batting: RHB Jeremy Sipe 0-0: Called Strike
0-1: Ball
1-1: Foul Ball, location: 2F
1-2: SINGLE (Groundball, P, EV 87.5 MPH) (infield hit)
Batting: RHB Mike Zepeda 0-0: Ball
1-0: Ball
Jeremy Sipe steals 2nd base (no throw)
2-0: Ball
3-0: Called Strike
3-1: Base on Balls
Batting: RHB Ben Sutton 0-0: Fielders Choice at 2nd, 1-6 (Groundball, 23, EV 69.4 MPH)
Jeremy Sipe to third
Batting: RHB Mike Pitts 0-0: Called Strike
0-1: Called Strike
0-2: Strikes out looking
Ben Sutton steals 2nd, throwing error, E2
Jeremy Sipe scores
Ben Sutton to third
Pitching: RHP Willie Romero
Batting: RHB Tony Godley 0-0: Called Strike
0-1: Called Strike
0-2: Ball
1-2: Ground out 5-3 (Groundball, 56S, EV 78.8 MPH)
Bottom of the 7th over - 1 run, 1 hit, 1 error, 1 left on base; Minnesota (NYP) 5 - Aberdeen 2
TOP OF THE 8TH
Minnesota (NYP) Twins batting - Pitching for Aberdeen Ironbirds : RHP Jon Grason
Batting: RHB Leo Gonzalez 0-0: Ball
1-0: Swinging Strike
1-1: Foul Ball, location: 2F
1-2: Strikes out swinging
Batting: RHB Jose Gracia 0-0: Foul Ball, location: 2F
0-1: Called Strike
0-2: Strikes out looking
Batting: RHB Antonio Santos 0-0: Swinging Strike
0-1: Ball
1-1: Foul Ball, location: 2F
1-2: Foul Ball, location: 2F
1-2: Ball
2-2: DOUBLE (Line Drive, 8RD, EV 108.8 MPH)
Batting: RHB Dave Berry 0-0: Intentional Walk
Batting: LHB Antonio Gutierrez 0-0: Ball
1-0: Ball
2-0: Foul Ball, location: 2F
2-1: Ground out 4-3 (Groundball, 34D, EV 100.0 MPH)
Top of the 8th over - 0 runs, 1 hit, 0 errors, 2 left on base; Minnesota (NYP) 5 - Aberdeen 2
BOTTOM OF THE 8TH
Aberdeen Ironbirds batting - Pitching for Minnesota (NYP) Twins : RHP Willie Romero
Pinch Hitting: LHB Tomas de Zeeuw 0-0: Ball
1-0: Foul Ball, location: 2F
1-1: Ground out U3 (Groundball, 3, EV 101.2 MPH)
Batting: LHB Miguel Medina 0-0: Called Strike
0-1: Swinging Strike
0-2: Foul Ball, location: 2F
0-2: Ball
1-2: Strikes out swinging
Batting: RHB Steve Jones 0-0: Ball
1-0: Foul Ball, location: 2F
1-1: Foul Ball, location: 2F
1-2: Strikes out swinging
Bottom of the 8th over - 0 runs, 0 hits, 0 errors, 0 left on base; Minnesota (NYP) 5 - Aberdeen 2
TOP OF THE 9TH
Minnesota (NYP) Twins batting - Pitching for Aberdeen Ironbirds : RHP Jon Grason
Now at SS: Andy Bridger
Batting: RHB John Dew 0-0: Foul Ball, location: 2F
0-1: Ball
1-1: SINGLE (Flyball, 8LS, EV 90.6 MPH)
Pitching: LHP Justin Hinton
Batting: LHB Yasutoshi Hayashi 0-0: Ball
Passed Ball!
John Dew to second
1-0: Ground out 6-3 (Groundball, 4MD, EV 86.2 MPH)
John Dew to third
Batting: RHB Michael McDonald 0-0: Intentional Walk
Batting: LHB Kuemon Shishido 0-0: Ball
1-0: Ball
2-0: SINGLE (Line Drive, 4MD, EV 103.1 MPH)
John Dew scores
Michael McDonald to second
Batting: RHB Leo Gonzalez 0-0: Swinging Strike
0-1: Swinging Strike
0-2: Foul Ball, location: 2F
0-2: Ball
1-2: Strikes out swinging
Batting: RHB Jose Gracia 0-0: Swinging Strike
0-1: Hit by Pitch
Michael McDonald to third
Kuemon Shishido to second
Batting: RHB Antonio Santos 0-0: Foul Ball, location: 2F
0-1: Foul Ball, location: 2F
0-2: Strikes out swinging
Top of the 9th over - 1 run, 2 hits, 0 errors, 3 left on base; Minnesota (NYP) 6 - Aberdeen 2
BOTTOM OF THE 9TH
Aberdeen Ironbirds batting - Pitching for Minnesota (NYP) Twins : RHP Willie Romero
Batting: RHB Daniel Jackson 0-0: Foul Ball, location: 2F
0-1: Ball
1-1: SINGLE (Line Drive, 89S, EV 105.0 MPH)
Batting: RHB Jeremy Sipe 0-0: SINGLE (Groundball, 6, EV 98.1 MPH)
Daniel Jackson to second
Pitching: RHP Matt Lundy
Batting: RHB Mike Zepeda 0-0: Foul Ball, location: 2F
0-1: Ball
1-1: Foul Ball, location: 2F
1-2: Strikes out swinging
Batting: RHB Ben Sutton 0-0: Ball
1-0: Ball
2-0: Ball
3-0: Base on Balls
Daniel Jackson to third
Jeremy Sipe to second
Batting: RHB Mike Pitts 0-0: Foul Ball, location: 2F
0-1: Foul Ball, location: 2F
0-2: Strikes out swinging
Batting: RHB Tony Godley 0-0: Swinging Strike
0-1: Swinging Strike
0-2: Ball
1-2: Foul Ball, location: 2F
1-2: Foul Ball, location: 2F
1-2: Ball
2-2: Ball
3-2: Ground out 6-3 (Groundball, 6M, EV 102.5 MPH)
Bottom of the 9th over - 0 runs, 2 hits, 0 errors, 3 left on base; Minnesota (NYP) 6 - Aberdeen 2
Tuesday, September 13th , 2022 - OOTP Baseball 23.7 Build 88